 Dungeon Crawl Stone Soup version 0.20.1-1-g8b1a95d (webtiles) character file.

842 Mesmaeker13 the Conjurer (level 7, -4/50 HPs)
             Began as a Grey Draconian Wizard on Aug 31, 2017.
             Was an Initiate of Sif Muna.
             Slain by an orc warrior
             ... wielding a +0 dire flail
              (21 damage)
             ... on level 6 of the Dungeon.
             The game lasted 00:10:58 (8928 turns).

Mesmaeker13 the Conjurer (Grey Draconian Wizard)    Turns: 8928, Time: 00:10:59

Health: -4/50      AC: 11    Str: 10    XL:     7   Next: 67%
Magic:  8/11       EV: 13    Int: 20    God:    Sif Muna [......]
Gold:   243        SH:  0    Dex:  9    Spells: 6/12 levels left

rFire    . . .     SeeInvis .   m - +1 dagger (venom)
rCold    . . .     Gourm    .   (no shield)
rNeg     + . .     Faith    .   (armour unavailable)
rPois    +         Spirit   .   a - +0 hat
rElec    .         Reflect  .   (no cloak)
rCorr    .         Harm     .   (no gloves)
MR       .....                  (no boots)
Stlth    ++........             (no amulet)
Regen    0.2/turn               h - ring of positive energy
MPRegen  0.2/turn               t - ring of poison resistance

@: no status effects
A: walk through water, unfitting armour, unbreathing, cold-blooded, AC +11
a: Renounce Religion


You were on level 6 of the Dungeon.
You worshipped Sif Muna.
Sif Muna was noncommittal.
You were very hungry.

You visited 2 branches of the dungeon, and saw 7 of its levels.

You collected 243 gold pieces.

Inventory:

Hand Weapons
 m - a +1 dagger of venom (weapon)
 E - a +1 dagger of speed
Armour
 a - a +0 hat (worn)
Jewellery
 h - a ring of positive energy (left hand)
 t - a ring of poison resistance (right hand)
Wands
 f - a wand of disintegration (0/24)
 x - a wand of disintegration (0/24)
 y - a wand of random effects (15/48)
Scrolls
 k - 4 scrolls of remove curse
 l - 2 scrolls of recharging {unknown}
 q - a scroll of teleportation
 r - a scroll of blinking {unknown}
 u - a scroll of fog {unknown}
 v - 2 scrolls of amnesia {unknown}
 w - a scroll of fear {unknown}
 D - a scroll of magic mapping {unknown}
Potions
 d - 2 potions of brilliance {unknown}
 e - a potion of ambrosia {unknown}
 j - 8 potions of curing
 n - 2 potions of flight
 o - a potion of haste
 p - a potion of cancellation {unknown}
 z - a potion of degeneration {unknown}
 A - a potion of heal wounds {unknown}
 B - 3 potions of mutation {unknown}
 C - 3 potions of might {unknown}
Books
 b - a book of Minor Magic

   Spells                             Type                      Level
   a - Magic Dart                     Conjuration                  1
   b - Blink                          Translocation                2
   c - Call Imp                       Summoning                    2
   d - Slow                           Hexes                        2
   e - Conjure Flame                  Conjuration/Fire             3
   f - Mephitic Cloud                 Conjuration/Poison/Air       3
Comestibles
 c - 5 bread rations
 i - 2 meat rations
 s - a royal jelly


   Skills:
 + Level 4.8 Dodging
 - Level 1.7 Stealth
 - Level 3.0 Spellcasting
 + Level 4.9 Conjurations
 - Level 3.8 Summonings
   Level 1.0 Translocations
 + Level 1.5 Air Magic
 + Level 1.9 Poison Magic


You had 6 spell levels left.
You knew the following spells:

 Your Spells              Type           Power        Failure   Level  Hunger
a - Magic Dart            Conj           ###.         1%          1    None
b - Call Imp              Summ           ###.....     4%          2    ##.....
c - Mephitic Cloud        Conj/Pois/Air  ##......     14%         3    ###....


Dungeon Overview and Level Annotations

Branches:
Dungeon (6/15)             Temple (1/1) D:5

Altars:
Ashenzari
Dithmenos
Elyvilon
Fedhas
Hepliaklqana
Kikubaaqudgha
Okawaru
Qazlal
Sif Muna
Trog
Yredelemnul
Zin
The Shining One


Innate Abilities, Weirdness & Mutations

You can walk through water.
Your dull iron-grey scales are very hard. (AC +11)
You cannot fit into any form of body armour.
You can survive without breathing.
You are cold-blooded and may be slowed by cold attacks.


Message History

The orc warrior resists with some effort.
Evoking this partially-identified wand wasted a few charges.
The orc hits you but does no damage.
Evoke which item? (* to show all) (? for menu, Esc to quit)
Aiming: Random Effects (will waste charges)
Press: ? - help, Shift-Dir - straight line, f/p - orc warrior
Aim: an orc warrior, wielding a dire flail and wearing a chain mail (severely wounded)
The orc warrior resists with significant effort.
Evoking this partially-identified wand wasted a few charges.
The orc warrior hits you with a dire flail!
The orc completely misses you.
Evoke which item? (* to show all) (? for menu, Esc to quit)
Aiming: Random Effects (will waste charges)
Press: ? - help, Shift-Dir - straight line, f/p - orc warrior
Aim: an orc warrior, wielding a dire flail and wearing a chain mail (severely wounded)
The orc warrior flickers and vanishes!
Deactivating autopickup; reactivate with Ctrl-A.
Evoking this partially-identified wand wasted a few charges.
Something hits you!!
You die...

#....#........#
#...[#........##### .
#..[.#............. ..
#....#............. ...
#..........#....... ...)
##.........#....... ..# .....
#......####....... ..#
..[...######...####....... ...
......)[{@...............) ..
....(.##o.............#<.. .# #
..... #....##.########### .#
#.##########.........# # .#
#....###...####...##.# #######
.######.................###.....#
.................................
##...##...............#####.....#
#...##....###........# ########


You could see an orc.

Vanquished Creatures
  Grinder (D:5)
  A crimson imp (D:5)
  3 hounds
  A bullfrog skeleton (D:5)
  2 orc priests
  3 orc wizards
  3 iguanas
  Ijyb (D:5)
  A worker ant (D:5)
  3 gnolls (D:5)
  8 adders
  A shadow imp (D:6)
  2 oozes
  An adder zombie (D:5)
  3 worms
  3 dart slugs (D:1)
  3 leopard geckos
  5 orcs
  3 giant cockroaches
  11 goblins
  7 hobgoblins
  3 jackals
  9 kobolds
  10 bats
  7 frilled lizards
  8 rats
103 creatures vanquished.

Vanquished Creatures (collateral kills)
  A centaur skeleton (D:4)
  A worm (D:2)
  An orc (D:3)
3 creatures vanquished.

Grand Total: 106 creatures vanquished

Notes
Turn   | Place    | Note
-------+----------+-------------------------------------------
     0 | D:1      | Mesmaeker13 the Draconian Wizard began the quest for the Orb.
     0 | D:1      | Reached XP level 1. HP: 14/14 MP: 4/4
   682 | D:1      | Reached XP level 2. HP: 6/20 MP: 1/6
  1954 | D:2      | Reached XP level 3. HP: 26/26 MP: 3/7
  1967 | D:2      | Learned a level 2 spell: Call Imp
  2643 | D:2      | Found a white marble altar of Elyvilon.
  3165 | D:2      | Reached XP level 4. HP: 33/33 MP: 2/8
  3293 | D:3      | Learned a level 3 spell: Mephitic Cloud
  4074 | D:3      | Reached XP level 5. HP: 29/38 MP: 6/9
  5784 | D:4      | Reached XP level 6. HP: 22/45 MP: 7/10
  5905 | D:4      | Noticed a moth of wrath
  5908 | D:4      | Found a bloodstained altar of Trog.
  6061 | D:5      | Entered Level 5 of the Dungeon
  6154 | D:5      | Noticed Grinder
  6203 | D:5      | Killed Grinder
  6220 | D:5      | Your scales start taking on a dull iron-grey colour.
  6220 | D:5      | Reached XP level 7. HP: 32/50 MP: 1/11
  6220 | D:5      | Gained mutation: You can survive without breathing. [Grey Draconian growth]
  6334 | D:5      | Found an ancient bone altar of Kikubaaqudgha.
  6334 | D:5      | Found a faded altar of an unknown god.
  6339 | D:5      | Found a glowing silver altar of Zin.
  6341 | D:5      | Found a hazy altar of Hepliaklqana.
  6343 | D:5      | Found a shadowy altar of Dithmenos.
  6635 | D:5      | Found a staircase to the Ecumenical Temple.
  6931 | D:5      | Noticed Ijyb
  6937 | D:5      | Killed Ijyb
  6937 | D:5      | Reached skill level 1 in Poison Magic
  7028 | Temple   | Entered the Ecumenical Temple
  7044 | Temple   | Became a worshipper of Sif Muna the Loreminder
  7063 | D:5      | Got a jewelled short sword
  7064 | D:5      | Identified the cursed +2 short sword of Qosaaporesh {antimagic, MR+ Str-3 Dex+3} (You found it on level 5 of the Dungeon)
  7074 | D:5      | Reached skill level 1 in Air Magic
  7443 | D:5      | Found a glowing golden altar of the Shining One.
  8360 | D:6      | HP: 2/50 [orc priest/divine providence (13)]
  8928 | D:6      | Slain by an orc warrior

Skill      XL: |  1  2  3  4  5  6  7 |
---------------+----------------------+-----
Dodging        | 2 3 4 |  4.8
Conjurations   | 2 3 4 |  4.9
Summonings     | 2 3 |  3.8
Poison Magic   | 1 |  1.9
Air Magic      | 1 |  1.5
Stealth        | |  1.7
Spellcasting   | |  3.0
Translocations | |  1.0

Action                   |  1- 3 |  4- 6 |  7- 9 || total
-------------------------+-------+-------+-------++-------
Melee: Unarmed           |    33 |     2 |       ||    35
       Tailslap          |     6 |    13 |       ||    19
       Mace              |     6 |       |       ||     6
       Dagger            |       |   132 |    38 ||   170
 Cast: Magic Dart        |   103 |    54 |    57 ||   214
       Call Imp          |     2 |     9 |       ||    11
       Mephitic Cloud    |       |     1 |       ||     1
Evoke: Wand              |       |       |    12 ||    12
  Use: Scroll            |     5 |     2 |     3 ||    10
       Potion            |       |     1 |       ||     1
 Stab: Sleeping          |       |     2 |     1 ||     3
       Distracted        |       |     1 |       ||     1
       Confused          |       |     1 |       ||     1
  Eat: Chunk             |     7 |    10 |     2 ||    19
       Fruit             |       |       |     6 ||     6
Armor: Skin              |    12 |    33 |    26 ||    71
Dodge: Dodged            |    36 |    78 |    54 ||   168
